 Dungeon Crawl Stone Soup version 0.22-a0-348-gd16d1391c7 (webtiles) character file.

231 Laan the Chopper (level 6, -5/56 HPs)
             Began as a Hill Orc Monk on Apr 12, 2018.
             Slain by an iguana (6 damage)
             ... on level 4 of the Dungeon.
             The game lasted 00:06:53 (4315 turns).

Laan the Chopper (Hill Orc Monk)                    Turns: 4315, Time: 00:06:53

Health: -5/56      AC:  4    Str: 16    XL:     6   Next: 3%
Magic:  6/6        EV: 13    Int: 12    God:
Gold:   155        SH:  0    Dex: 13    Spells: 5/5 levels left

rFire    . . .     SeeInvis .   a - +0 hand axe
rCold    . . .     Gourm    .   (no shield)
rNeg     . . .     Faith    .   b - +0 robe
rPois    .         Spirit   .   (no helmet)
rElec    .         Reflect  .   (no cloak)
rCorr    .         Harm     .   n - +0 pair of gloves
MR       .....                  h - +0 pair of boots
Stlth    ++........             (no amulet)
HPRegen  0.18/turn              j - +2 ring of intelligence
MPRegen  0.10/turn              (no ring)

@: no status effects
A: no striking features
a: no special abilities


You were on level 4 of the Dungeon.
You were not hungry.

You visited 1 branch of the dungeon, and saw 4 of its levels.

You collected 155 gold pieces.

Inventory:

Hand Weapons
 a - a +0 hand axe (weapon)
Missiles
 t - 4 tomahawks (quivered)
Armour
 b - a +0 robe (worn)
 h - a +0 pair of boots (worn)
 n - a +0 pair of gloves (worn)
Jewellery
 j - a +2 ring of intelligence (left hand)
Scrolls
 d - a scroll of enchant weapon {unknown}
 e - 6 scrolls of identify {unknown}
 f - a scroll of enchant armour {unknown}
 i - a scroll of fog {unknown}
 p - a scroll of teleportation {unknown}
 r - a scroll of amnesia {unknown}
 s - 2 scrolls of remove curse {unknown}
 u - a scroll of random uselessness {unknown}
Potions
 g - a potion of cancellation {unknown}
 k - a potion of mutation {unknown}
 l - a potion of brilliance {unknown}
 m - a potion of flight {unknown}
 q - a potion of heal wounds {unknown}
Comestibles
 c - 4 rations
 o - 3 chunks of flesh


   Skills:
 + Level 5.3 Fighting
 * Level 7.4 Axes
 - Level 2.4 Dodging
 - Level 1.5 Stealth


You had 5 spell levels left.
You didn't know any spells.

Dungeon Overview and Level Annotations

Branches:
Dungeon (4/15)
 Temple: D:4-7

Altars:
Nemelex Xobeh
Ru
Sif Muna


Message History

You hit the iguana.
The iguana is heavily wounded.
The iguana barely misses you.
You closely miss the iguana.
The iguana is heavily wounded.
The iguana bites you!
* * * LOW HITPOINT WARNING * * *
You hit the iguana but do no damage.
The iguana is heavily wounded.
The iguana closely misses you.
You slash the iguana!
The iguana is almost dead.
The iguana bites you!
* * * LOW HITPOINT WARNING * * *
You hit the iguana but do no damage.
The iguana is almost dead.
You hit the iguana but do no damage.
The iguana is almost dead.
The iguana bites you.
You die...

.#####.# ..
.....#..#
#.# #.#
#.######
#......#
######.#
#+# #.##.#
#.# #....#
#l# #.####
#@#
#.#######.#
#.........#
#.#########
###


You could see an iguana.

Vanquished Creatures
  8 adders
  4 gnolls
  An ooze (D:2)
  2 worms
  2 dart slugs
  2 leopard geckos
  5 orcs (D:3)
  9 bats
  5 giant cockroaches
  12 hobgoblins
  11 jackals
  5 ball pythons
  7 frilled lizards
  10 goblins
  7 kobolds
  12 rats
102 creatures vanquished.

Notes
Turn   | Place    | Note
-------+----------+-------------------------------------------
     0 | D:1      | Laan the Hill Orc Monk began the quest for the Orb.
     0 | D:1      | Reached XP level 1. HP: 19/19 MP: 1/1
   110 | D:1      | Reached XP level 2. HP: 12/27 MP: 2/2
   367 | D:1      | Reached skill level 5 in Axes
   410 | D:1      | Reached XP level 3. HP: 24/33 MP: 3/3
  1093 | D:2      | Reached XP level 4. HP: 5/41 MP: 4/4
  1788 | D:1      | Reached skill level 6 in Axes
  2134 | D:2      | Reached XP level 5. HP: 24/47 MP: 5/5
  3107 | D:3      | Reached skill level 5 in Fighting
  3119 | D:3      | Found a deep blue altar of Sif Muna.
  3244 | D:3      | Reached skill level 7 in Axes
  3698 | D:3      | Found a sparkling altar of Nemelex Xobeh.
  4239 | D:4      | Found a sacrificial altar of Ru.
  4282 | D:4      | Reached XP level 6. HP: 55/56 MP: 6/6
  4313 | D:4      | HP: 1/56 [iguana (12)]
  4315 | D:4      | Slain by an iguana

Vault maps used:
D:1:      mrwooster_arrival_statue_2
D:2:      first_ration
D:3:      old_standard_altar, lemuel_crystal_altar
D:4:      nicolae_ru_awakened_eye

Skill      XL: |  1  2  3  4  5 |
---------------+----------------+-----
Fighting       | 4 5 |  5.3
Axes           | 5 6 7 |  7.4
Dodging        | |  2.4
Stealth        | |  1.5

Action                   |  1- 3 |  4- 6 || total
-------------------------+-------+-------++-------
Melee: Hand axe          |   113 |   264 ||   377
 Stab: Sleeping          |     6 |     3 ||     9
  Eat: Chunk             |     1 |     7 ||     8
       Ration            |       |     1 ||     1
Armor: Robe              |    19 |    47 ||    66
Dodge: Dodged            |    70 |   176 ||   246

Table legend:
 A = Spawn XP
 B = Non-spawn XP
 C = Spawn XP percentage of total XP
 D = Spawn monster count
 E = Non-spawn monster count
 F = Spawn count percentage of total count
 G = Total turns spent on level
                    A         B        C        D         E        F      G
               +---------+---------+-------+---------+---------+-------+---------
         Total |       0 |     330 |   0.0 |       0 |     102 |   0.0 |  4315
               +---------+---------+-------+---------+---------+-------+---------
           D:1 |       0 |      54 |   0.0 |       0 |      28 |   0.0 |  1257
           D:2 |       0 |     145 |   0.0 |       0 |      31 |   0.0 |  1660
           D:3 |       0 |     113 |   0.0 |       0 |      41 |   0.0 |  1316
           D:4 |       0 |      18 |   0.0 |       0 |       2 |   0.0 |    82
               +---------+---------+-------+---------+---------+-------+---------
